 Dungeon Crawl Stone Soup version 0.25-a0-58-g9dd530f (webtiles) character file.

Game seed: 1942547442104591853, levelgen mode: deterministic

595662 quiliam the Pandemonic (level 27, -9/298 HPs)
             Began as a Hill Orc Fighter on Oct 26, 2019.
             Was a High Priest of Makhleb.
             Mangled by a red draconian monk (31 damage)
             ... on level 4 of the Realm of Zot on Oct 27, 2019.
             The game lasted 06:34:28 (71374 turns).

quiliam the Pandemonic (Hill Orc Fighter)          Turns: 71374, Time: 06:34:28

Health: -9/298     AC: 30    Str: 27    XL:     27
Magic:  0/35       EV: 21    Int:  8    God:    Makhleb [*****.]
Gold:   1773       SH: 18    Dex: 22    Spells: 26/26 levels left

rFire    . . .     SeeInvis .   a - +7 demon whip of Dried Tears {vamp, +Rage rC+}
rCold    + . .     Gourm    .   C - +2 shield
rNeg     + + .     Faith    .   e - +7 plate armour
rPois    .         Spirit   +   (helmet restricted)
rElec    .         Reflect  .   P - scarf {Spirit}
rCorr    .         Harm     .   p - +2 pair of gloves
MR       ++...                  T - +0 pair of boots of Roskonn {Str+2 Dex+3}
Stlth    ..........             m - amulet of guardian spirit
HPRegen  0.59/turn              U - +6 ring of slaying
MPRegen  0.24/turn              S - ring "Qiomotua" {Wiz rN++}

@: corroded, berserk cooldown, very slightly contaminated, slowed, invisible,
very slow
A: antennae 1, rugged brown scales 1, thin skeletal structure 1, low mp 1,
robust 1
}: 3/15 runes: serpentine, barnacled, abyssal
a: Minor Destruction, Lesser Servant of Makhleb, Major Destruction, Greater
Servant of Makhleb, Renounce Religion, Evoke Berserk Rage


You were on level 4 of the Realm of Zot.
You worshipped Makhleb.
Makhleb was extremely pleased with you.
You were not hungry.

You visited 10 branches of the dungeon, and saw 49 of its levels.
You visited the Abyss 2 times.
You also visited: Sewer and Ossuary.

You collected 4716 gold pieces.
You spent 2943 gold pieces at shops.

Inventory:

Hand Weapons
 a - the +7 demon whip of Dried Tears (weapon) {vamp, +Rage rC+}
   (You bought it in a shop on level 2 of the Snake Pit)

   It inflicts no extra harm, but heals its wielder when it wounds a living foe.
   It protects you from cold.
   It lets you go berserk.
 E - a +4 sacred scourge of holy wrath
Armour
 c - +0 gold dragon scales
 e - a +7 plate armour (worn)
 p - a +2 pair of gloves (worn)
 C - a +2 shield (worn)
 N - a +2 buckler of protection
 O - a +2 large shield
 P - a scarf of spirit shield (worn)
 T - the +0 pair of boots of Roskonn (worn) {Str+2 Dex+3}
   (You found it on level 1 of the Depths)

   It affects your strength (+2).
   It affects your dexterity (+3).
Jewellery
 b - an uncursed amulet of harm
 m - an amulet of guardian spirit (around neck)
 n - an uncursed ring of positive energy
 o - an uncursed ring of see invisible
 t - an uncursed ring of stealth
 w - a +4 ring of intelligence
 y - a +3 ring of evasion
 B - an uncursed ring of attention
 H - a +2 ring of dexterity
 I - a +3 ring of dexterity
 J - an uncursed ring of poison resistance
 K - an uncursed ring of flight
 S - the ring "Qiomotua" (right hand) {Wiz rN++}
   (You found it on level 1 of the Depths)

   [ring of wizardry]

   It improves your spell success rate.
   It greatly protects you from negative energy.
 U - a +6 ring of slaying (left hand)
 W - an uncursed ring of protection from cold
Wands
 d - a wand of digging (7)
 i - a wand of clouds (5)
 r - a wand of acid (19)
 s - a wand of random effects (50)
 v - a wand of flame (33)
 A - a wand of iceblast (52)
 D - a wand of disintegration (7)
 G - a wand of scattershot (5)
 M - a wand of paralysis (14)
Scrolls
 j - 4 scrolls of fear
 k - 26 scrolls of remove curse
 q - 9 scrolls of fog
 u - 2 scrolls of brand weapon
 x - 5 scrolls of enchant weapon
 F - 4 scrolls of teleportation
 R - 5 scrolls of identify
 V - 2 scrolls of acquirement
 Z - 8 scrolls of magic mapping
Potions
 g - 3 potions of mutation
 h - 7 potions of curing
 l - 4 potions of agility
 L - 2 potions of brilliance
 Q - a potion of flight
Miscellaneous
 z - a lightning rod (4/4)
Comestibles
 f - 34 rations
 Y - 4 chunks of flesh


   Skills:
 + Level 24.4 Fighting
   Level 17.8(18.3) Axes
 - Level 6.4(12.0) Maces & Flails
 - Level 22.0 Armour
 + Level 16.9 Dodging
 - Level 16.0 Shields
 + Level 25.7 Invocations
 - Level 12.0 Evocations


You had 26 spell levels left.
You didn't know any spells.
Your spell library contained the following spells:

 Spells                   Type           Power        Failure   Level  Hunger
 Beastly Appendage        Tmut           #.....       54%         1    ##.....
 Confusing Touch          Hex            #.....       54%         1    ##.....
 Corona                   Hex            #......      54%         1    ##.....
 Infusion                 Chrm           #...         54%         1    ##.....
 Magic Dart               Conj           #...         54%         1    ##.....
 Shock                    Conj/Air       #...         54%         1    ##.....
 Blink                    Tloc           N/A          69%         2    ###....
 Call Imp                 Summ           #.......     69%         2    ###....
 Ensorcelled Hibernation  Hex/Ice        #.....       69%         2    ###....
 Searing Ray              Conj           #.....       69%         2    ###....
 Shroud of Golubria       Chrm/Tloc      #.....       69%         2    ###....
 Slow                     Hex            #.......     69%         2    ###....
 Song of Slaying          Chrm           #.......     69%         2    ###....
 Sticks to Snakes         Tmut           #.......     69%         2    ###....
 Swiftness                Chrm/Air       #.......     69%         2    ###....
 Confuse                  Hex            #.......     88%         3    ####...
 Conjure Flame            Conj/Fire      #.......     88%         3    ####...
 Dazzling Spray           Conj/Hex       #.....       88%         3    ####...
 Gell's Gravitas          Tloc           #.........   88%         3    ####...
 Inner Flame              Hex/Fire       #.......     88%         3    ####...
 Mephitic Cloud           Conj/Pois/Air  #.......     88%         3    ####...
 Ozocubu's Armour         Chrm/Ice       #.......     88%         3    ####...
 Portal Projectile        Hex/Tloc       #.....       88%         3    ####...
 Recall                   Summ/Tloc      N/A          88%         3    ####...
 Regeneration             Chrm/Necr      #.........   88%         3    ####...
 Spectral Weapon          Hex/Chrm       #.......     88%         3    ####...
 Spider Form              Tmut/Pois      #.........   88%         3    ####...
 Static Discharge         Conj/Air       #.......     88%         3    ####...
 Tukima's Dance           Hex            #.......     88%         3    ####...
 Airstrike                Air            #.........   99%         4    #####..
 Animate Dead             Necr           N/A          99%         4    #####..
 Cause Fear               Hex            #.........   99%         4    #####..
 Force Lance              Conj/Tloc      #.......     99%         4    #####..
 Fulminant Prism          Conj/Hex       #.........   99%         4    #####..
 Ice Form                 Ice/Tmut       #.......     99%         4    #####..
 Iskenderun's Mystic Bla  Conj           #.......     99%         4    #####..
 Leda's Liquefaction      Hex/Erth       #.........   99%         4    #####..
 Petrify                  Tmut/Erth      #.......     99%         4    #####..
 Summon Lightning Spire   Summ/Air       #.......     99%         4    #####..
 Aura of Abjuration       Summ           #.........   100%        5    ######.
 Blade Hands              Tmut           #.........   100%        5    ######.
 Bolt of Magma            Conj/Fire/Erth #.........   100%        5    ######.
 Borgnjor's Vile Clutch   Necr/Erth      #.........   100%        5    ######.
 Excruciating Wounds      Chrm/Necr      #.........   100%        5    ######.
 Iskenderun's Battlesphe  Conj/Chrm      #.......     100%        5    ######.
 Lightning Bolt           Conj/Air       #.........   100%        5    ######.
 Metabolic Englaciation   Hex/Ice        #.........   100%        5    ######.
 Silence                  Hex/Air        #.........   100%        5    ######.
 Summon Demon             Summ           #.........   100%        5    ######.
 Summon Forest            Summ/Tloc      #.........   100%        5    ######.
 Summon Mana Viper        Hex/Summ       #.......     100%        5    ######.
 Venom Bolt               Conj/Pois      #.........   100%        5    ######.
 Yara's Violent Unravell  Hex/Tmut       #.........   100%        5    ######.
 Conjure Ball Lightning   Conj/Air       #.........   100%        6    #######
 Darkness                 Hex            #.........   100%        6    #######
 Death Channel            Necr           #.........   100%        6    #######
 Deflect Missiles         Chrm/Air       #.........   100%        6    #######
 Invisibility             Hex            #.......     100%        6    #######
 Iron Shot                Conj/Erth      #.........   100%        6    #######
 Shadow Creatures         Summ           N/A          100%        6    #######
 Simulacrum               Ice/Necr       #.........   100%        6    #######
 Malign Gateway           Summ/Tloc      #.........   100%        7    #######
 Orb of Destruction       Conj           #.........   100%        7    #######
 Spellforged Servitor     Conj/Summ      #.........   100%        7    #######
 Tornado                  Air            #.........   100%        9    #######


Dungeon Overview and Level Annotations

Branches:
Dungeon (15/15)            Temple (1/1) D:6            Lair (6/6) D:11
 Shoals (4/4) Lair:4        Snake (4/4) Lair:3          Orc (2/2) D:11
    Elf (2/3) Orc:2        Vaults (5/5) D:13          Crypt (0/3) Vaults:3
 Depths (5/5) D:15            Zot (5/5) Depths:5      Sewer (visited)
Ossuary (visited)
  Slime: Lair:5-6

Altars:
Ashenzari
Cheibriados
Dithmenos
Elyvilon
Fedhas
Gozag
Hepliaklqana
Kikubaaqudgha
Makhleb
Nemelex Xobeh
Okawaru
Qazlal
Ru
Sif Muna
Trog
Uskayaw
Vehumet
Wu Jian
Xom
Yredelemnul
Zin
The Shining One

Shops:
D:9 ?   D:14 *   Orc:1 *   Orc:2 ??[[?   Elf:1 ([   Shoals:2 [   Snake:2 (
Snake:3 *   Snake:4 }=}   Vaults:2 !   Vaults:4 **!(   Depths:3 (

Portals:
Hell: Depths:1 Depths:2 Depths:3 Depths:4 Depths:5
Abyss: Depths:4
Pandemonium: Depths:2 Depths:3
Ziggurat: Depths:5
Trove: D:12 (give +5 demon whip)

Annotations:
D:4 2 transporters, Zeldest's ghost, weakling BaWn
D:10 Sonja
Lair:4 exclusion: oklob plant
Lair:5 exclusion: oklob plant
Lair:6 3 runed translucent doors, exclusion: oklob plant, Nawige's ghost, journeyman HuBe
Shoals:2 Kirke; Roxanne
Shoals:3 3 runed translucent doors, Meistruli's ghost, adept FoFi; Taegeoczu's ghost, journeyman MiBe; Uroituos's ghost, journeyman DrWz
Shoals:4 1 runed translucent door, archon2's ghost, adept FeCj
Snake:3 Vashnia
Elf:2 3 runed translucent doors
Depths:3 3 runed translucent doors, Wooxt's ghost, adept DsFi; Yqiopt's ghost, veteran MiBe
Zot:1 exclusion: lightning spire


Innate Abilities, Weirdness & Mutations

You have a pair of small antennae on your head.
You are partially covered in rugged brown scales. (AC +1, +3% HP)
You have a somewhat thin skeletal structure. (Dex +2, Stealth)
Your magical capacity is low. (-10% MP)
You are robust. (+10% HP)


Message History

Some rock shatters into small pieces.
You block the red draconian monk's attack.
The red draconian monk closely misses you.
You block the red draconian monk's attack.
Your cacodemon hits the yellow draconian!
Your cacodemon hits the yellow draconian.
You block the red draconian monk's attack.
The red draconian monk closely misses you.
The red draconian monk tail-slaps you!
* * * LOW HITPOINT WARNING * * *
The yellow draconian closely misses your cacodemon.
You block the red draconian monk's attack.
The red draconian monk kicks you but does no damage.
You block the red draconian monk's attack.
The yellow draconian barely misses your cacodemon.
Your cacodemon gestures at the red draconian monk.
The bolt of energy hits the moth of wrath!!!
The bolt of energy hits the red draconian monk!!
The moth of wrath bites your cacodemon. The red draconian monk hits you!!!
You die...

## ## #.#
.# #.# .#
#.. .# #.#
.# ..# .#
#.#.# ##@.#
##### #qy2#
......#yd##
.......>##
.....#.?#
)... .#.#
... .##.#
!. .. #.# .
.# #.#


You could see a red draconian monk (berserk), a yellow draconian (berserk), 2
moths of wrath and a friendly cacodemon.

Vanquished Creatures
  An orb of fire (Zot:5)
  An ancient lich (Depths:1)
  Mennas (Vaults:3)
  Mara (Snake:4)
  A juggernaut (Depths:2)
  Bai Suzhen (Vaults:3)
  2 curse toes (Zot:3)
  Xtahua (Vaults:4)
  11 golden dragons
  Jory (Vaults:1)
  A profane servitor (Abyss:3)
  the Enchantress (Depths:3)
  A bone dragon (Depths:5)
  7 liches
  14 tentacled monstrosities
  3 electric golems
  7 Orb Guardians (Zot:5)
  A deep elf blademaster (Depths:4)
  8 quicksilver dragons
  A deep elf master archer (Depths:4)
  5 titans
  An Executioner (Abyss:3)
  9 death cobs
  7 sphinxes
  3 tentacled starspawn (Abyss:3)
  8 tengu reavers
  Ilsuiw (Shoals:3)
  14 storm dragons
  Donald (Snake:2)
  7 shadow dragons
  An azure jelly (shapeshifter) (Depths:4)
  5 nagarajas (Snake:4)
  7 draconian monks
  A frost giant (shapeshifter) (Depths:2)
  An iron dragon (shapeshifter) (Depths:4)
  9 fire giants
  15 frost giants
  A draconian knight (Zot:2)
  An orc warlord (Vaults:4)
  14 vault wardens
  2 ghost moths
  An iron dragon (Depths:5)
  Aizul (Snake:1)
  6 draconian scorchers
  Louise (Snake:1)
  A balrug (Depths:2)
  3 draconian shifters
  5 deep elf sorcerers
  A deep elf elementalist (Vaults:5)
  A draconian stormcaller (Zot:3)
  6 very ugly things
  6 spriggan defenders
  15 ironheart preservers
  23 stone giants
  5 war gargoyles
  4 vampire knights
  5 black draconians
  5 red draconians
  6 deep elf demonologists
  5 lorocyprocas
  10 white draconians
  5 purple draconians
  5 deep elf annihilators
  7 yellow draconians
  8 spark wasps
  4 green draconians
  3 deep elf death magi
  20 ettins
  5 merfolk javelineers
  3 crystal guardians
  8 merfolk impalers
  A blizzard demon (Abyss:3)
  15 fire dragons
  A deep elf high priest (Vaults:5)
  An ice dragon (shapeshifter) (Depths:4)
  6 rakshasas
  Harold (D:10)
  14 naga warriors
  20 vault guards
  12 yaktaur captains
  8 great orbs of eyes
  8 ice dragons
  11 spriggan air magi
  7 hydras
  3 anacondas
  3 death knights
  2 catoblepae
  4 merfolk avatars
  10 centaur warriors
  A merfolk aquamancer (Shoals:2)
  A juggernaut simulacrum (Depths:4)
  66 two-headed ogres
  4 satyrs
  11 dancing weapons
  An alligator snapping turtle (Shoals:2)
  7 deep troll shamans
  3 tengu warriors
  22 ogre magi
  4 deep troll earth magi
  13 naga sharpshooters
  3 shock serpents
  4 thrashing horrors (Abyss:3)
  An orc high priest (Orc:1)
  2 vampire magi (Vaults:3)
  2 sun demons (Depths:2)
  2 spriggan berserkers (Depths:5)
  Nergalle (Lair:1)
  10 deep elf knights
  7 spriggans
  A fire crab (shapeshifter) (D:14)
  A wretched star (Abyss:3)
  4 shadow wraiths
  8 hell knights
  2 salamander mystics (Depths:2)
  24 skeletal warriors
  A sixfirhy (Abyss:3)
  10 deep trolls
  An unseen horror (D:12)
  4 iron trolls
  3 glowing orange brains
  A sea snake (shapeshifter) (Vaults:4)
  A spatial maelstrom (Abyss:3)
  A gelid demonspawn (Depths:2)
  11 sea snakes
  5 flayed ghosts
  6 naga ritualists
  14 ironbrand convokers
  13 deep elf archers
  2 wolf spider zombies
  5 phantasmal warriors
  13 wizards
  3 harpies
  41 deep elf magi
  29 ugly things
  5 necromancers
  8 mana vipers
  5 orc sorcerers
  A wolf spider (shapeshifter) (Depths:4)
  5 wolf spiders
  26 orc knights
  A tengu skeleton (Vaults:4)
  19 fauns
  9 salamanders
  A shadow dragon skeleton (D:15)
  8 manticores
  8 merfolk sirens
  30 slime creatures
  A draconian (Abyss:3)
  6 cyclopes
  16 elephants
  9 large abominations
  19 moths of wrath
  A guardian serpent (shapeshifter) (Vaults:1)
  2 rust devils
  A spriggan zombie (D:15)
  3 water nymphs (Shoals:4)
  A human skeleton (Vaults:4)
  3 guardian serpents
  16 vault sentinels
  3 molten gargoyles (Lair:6)
  4 orange demons
  An apocalypse crab (Abyss:3)
  Maurice (D:10)
  A smoke demon (Abyss:3)
  25 black mambas
  6 spiny frogs
  14 naga magi
  Psyche (D:7)
  4 gargoyles
  A hellion (Depths:2)
  10 komodo dragons
  3 kobold demonologists
  8 freezing wraiths
  An efreet (D:14)
  6 tengu conjurers
  31 yaktaurs
  26 merfolk
  An ancient zyme (Abyss:3)
  4 wind drakes
  2 polar bears
  Grinder (D:4)
  3 trolls
  A blink frog (shapeshifter) (Depths:3)
  9 hornets
  11 dream sheep
  A fire giant simulacrum (Vaults:1)
  2 raiju (Abyss:3)
  An ettin zombie (Vaults:4)
  A hippogriff (shapeshifter) (Abyss:3)
  A raiju (shapeshifter) (Vaults:4)
  A deep troll zombie (D:15)
  10 blink frogs
  9 hippogriffs
  11 snapping turtles
  5 air elementals
  A ynoxinul (Abyss:3)
  3 shadows
  A tarantella (shapeshifter) (Vaults:3)
  4 wyverns
  Sigmund (D:2)
  2 vampires
  7 water elementals
  47 yaks
  6 basilisks
  5 wraiths
  An ice dragon skeleton (D:15)
  2 hungry ghosts
  A fire bat (Abyss:3)
  2 steam dragons
  A yak (shapeshifter) (Depths:4)
  A yaktaur simulacrum (Vaults:3)
  A hog (Shoals:2)
  4 fire elementals
  2 chaos spawn (Abyss:3)
  34 nagas
  A warg (shapeshifter) (Depths:2)
  6 wargs
  4 acid dragons
  5 insubstantial wisps (Abyss:3)
  9 water moccasins
  A two-headed ogre zombie (D:11)
  3 hell hounds (Lair:6)
  10 porcupines
  A soldier ant (shapeshifter) (Depths:2)
  4 sky beasts
  50 orc warriors
  4 black bears
  4 ice beasts
  10 small abominations
  An ettin simulacrum (Vaults:2)
  A hornet zombie (D:15)
  A sky beast (shapeshifter) (D:15)
  4 eyes of draining
  54 ogres
  A tengu (shapeshifter) (Vaults:5)
  A necrophage (D:11)
  3 phantoms
  20 boggarts
  8 wolves
  30 centaurs
  13 crocodiles
  4 big kobolds
  14 bullfrogs
  3 earth elementals
  An elf zombie (Ossuary)
  A wyvern zombie (D:10)
  A wyvern skeleton (D:6)
  A water moccasin skeleton (D:12)
  A scorpion (D:9)
  3 troll zombies
  5 killer bees
  10 wights
  2 electric eels (Snake:3)
  4 lava snakes (Lair:6)
  2 centaur zombies (Ossuary)
  9 crimson imps
  2 quasits
  A human zombie (Ossuary)
  3 jellies
  A starcursed mass (Abyss:3)
  3 bullfrog skeletons
  15 orc priests
  4 hounds
  5 centaur skeletons
  3 iguanas
  11 worker ants
  29 orc wizards
  7 ogre zombies
  A bullfrog simulacrum (D:10)
  A hound zombie (D:11)
  2 hound skeletons (D:9)
  7 mummies (Ossuary)
  A howler monkey zombie (D:6)
  Robin (D:2)
  20 adders
  A river rat (Sewer)
  A river rat (shapeshifter) (Vaults:1)
  2 shadow imps
  4 white imps
  8 oozes
  An adder skeleton (D:7)
  4 adder zombies (Ossuary)
  9 worms
  2 dart slugs
  5 leopard geckos
  93 orcs
  10 bats
  4 giant cockroaches
  19 goblins
  13 hobgoblins
  4 jackals
  3 quokkas
  2 ball pythons
  5 frilled lizards
  A goblin skeleton (D:11)
  9 goblin zombies
  5 hobgoblin zombies
  16 kobolds
  4 kobold zombies (Ossuary)
  2 orc skeletons (D:11)
  15 orc zombies (D:11)
  4 quokka zombies (Ossuary)
  16 rats
  4 rat zombies (Ossuary)
  6 fungi
  11 plants
2112 creatures vanquished.

Vanquished Creatures (collateral kills)
  A golden dragon (Depths:2)
  4 tentacled monstrosities
  An Orb Guardian (Zot:5)
  A titan (Vaults:5)
  A sphinx (Vaults:5)
  A shadow dragon (shapeshifter) (Depths:4)
  A shadow dragon (Abyss:3)
  A frost giant (Vaults:5)
  A vault warden (Vaults:1)
  A draconian scorcher (Depths:5)
  A draconian stormcaller (Depths:5)
  An ironheart preserver (Vaults:5)
  2 red draconians (Zot:1)
  A white draconian (Zot:1)
  2 merfolk javelineers (Shoals:3)
  2 purple draconians (Zot:2)
  2 ettins
  4 merfolk impalers
  3 vault guards (Vaults:5)
  A yaktaur captain (Vaults:5)
  A deep elf high priest (Vaults:5)
  2 spriggan air magi
  2 hydras
  3 two-headed ogres (Vaults:5)
  An ogre mage (Vaults:5)
  A centaur warrior (D:14)
  3 dancing weapons
  A tengu warrior (D:15)
  A naga sharpshooter (Snake:3)
  2 thrashing horrors (Abyss:3)
  A sea snake (Shoals:3)
  A hell knight (Depths:4)
  A spatial maelstrom (Abyss:3)
  2 deep trolls
  A large abomination (Abyss:3)
  An orc knight (D:11)
  2 harpies (Shoals:4)
  A lindwurm (Lair:6)
  9 elephants
  4 draconians (Abyss:3)
  2 moths of wrath
  2 vault sentinels
  A merfolk siren (Shoals:4)
  A naga mage (Snake:3)
  3 spiny frogs
  A rime drake (Lair:6)
  A rime drake (shapeshifter) (D:13)
  2 komodo dragons (Lair:6)
  A yaktaur (Vaults:5)
  A troll (D:14)
  A wind drake (Shoals:4)
  A raiju (Abyss:3)
  6 merfolk
  3 blink frogs
  A hippogriff (Lair:5)
  3 dream sheep
  A vampire (D:15)
  A wyvern (Lair:6)
  13 yaks
  A steam dragon (Lair:6)
  2 nagas
  4 water moccasins
  A soldier ant (D:13)
  An acid dragon (D:14)
  A porcupine (Lair:4)
  An eye of draining (Abyss:3)
  A centaur (D:14)
  2 ogres
  9 starcursed masses (Abyss:3)
  A boggart (D:14)
  5 crocodiles
  2 bullfrogs
  2 orcs
150 creatures vanquished.

Vanquished Creatures (others)
  A golden dragon (Depths:2)
  A draconian knight (Zot:5)
  A fire giant (Depths:2)
  A deep elf high priest (Elf:1)
  A naga sharpshooter (Snake:2)
  A shadow wraith (Vaults:2)
  A necromancer (Vaults:4)
  An ancient zyme (Abyss:3)
  3 raiju (Abyss:3)
  A wraith (Abyss:3)
  A shadow (Abyss:3)
  2 neqoxecs (Abyss:3)
  4 large abominations (Abyss:3)
  A chaos spawn (Abyss:3)
  A naga (Snake:2)
  3 orc warriors
  An ogre (Vaults:5)
  2 centaurs
  A bullfrog (D:7)
  2 orc priests
  2 hounds (D:7)
  A gnoll shaman (D:7)
  A hound skeleton (D:7)
  4 orcs
  45 fungi
  5 lurking horrors (Abyss:3)
  40 plants
  4 starspawn tentacles (Abyss:3)
  3 withered plants (D:15)
135 creatures vanquished.

Grand Total: 2397 creatures vanquished

Notes
Turn   | Place    | Note
-------+----------+-------------------------------------------
     0 | D:1      | quiliam the Hill Orc Fighter began the quest for the Orb.
     0 | D:1      | Reached XP level 1. HP: 19/19 MP: 1/1
   130 | D:1      | Reached XP level 2. HP: 24/26 MP: 2/2
   790 | D:1      | Reached XP level 3. HP: 31/31 MP: 3/3
  1096 | D:2      | Noticed Robin
  1125 | D:2      | Killed Robin
  1139 | D:2      | Reached XP level 4. HP: 25/39 MP: 4/4
  1346 | D:2      | Reached skill level 5 in Axes
  1638 | D:2      | Noticed Sigmund
  1697 | D:3      | Found a blossoming altar of Fedhas.
  1833 | D:3      | Reached XP level 5. HP: 45/45 MP: 5/5
  2003 | D:3      | Found a glowing drain.
  2010 | Sewer    | Entered a sewer
  2315 | Sewer    | Noticed a big kobold
  2339 | Sewer    | Killed a big kobold
  2339 | Sewer    | Reached XP level 6. HP: 49/51 MP: 6/6
  2906 | Sewer    | Reached XP level 7. HP: 57/57 MP: 7/7
  3243 | D:4      | Found a sand-covered staircase.
  3251 | Ossuary  | Entered an ossuary
  3541 | Ossuary  | Reached skill level 10 in Axes
  3835 | D:4      | Reached XP level 8. HP: 62/64 MP: 8/8
  4120 | D:4      | Found a transporter.
  4124 | D:4      | Found a transporter.
  4124 | D:4      | Noticed Zeldest's ghost (weakling BaWn)
  4124 | D:4      | Noticed a hornet
  4223 | D:4      | Noticed Grinder
  4228 | D:4      | Paralysed by Grinder for 7 turns
  4242 | D:4      | Paralysed by something for 2 turns
  4606 | D:2      | Killed Sigmund
  4678 | D:5      | Entered Level 5 of the Dungeon
  5162 | D:5      | Found a stormy altar of Qazlal.
  5328 | D:5      | Found an ornate altar of the Wu Jian Council.
  5438 | D:6      | Reached skill level 5 in Fighting
  5438 | D:6      | Reached XP level 9. HP: 74/74 MP: 9/9
  5470 | D:6      | Found a staircase to the Ecumenical Temple.
  5572 | Temple   | Entered the Ecumenical Temple
  5773 | Temple   | Became a worshipper of Makhleb the Destroyer
  6244 | D:6      | Reached skill level 1 in Invocations
  6292 | D:6      | Found a snail-covered altar of Cheibriados.
  6511 | D:6      | Reached skill level 5 in Armour
  6511 | D:6      | Reached skill level 2 in Invocations
  6575 | D:7      | Found a shimmering altar of Xom.
  6633 | D:7      | Reached skill level 3 in Invocations
  6983 | D:7      | Found an ornate altar of the Wu Jian Council.
  6989 | D:7      | Found a shimmering altar of Xom.
  6993 | D:7      | Found a sparkling altar of Nemelex Xobeh.
  7205 | D:7      | Noticed a hornet
  7459 | D:8      | Noticed Psyche
  7701 | D:4      | Paralysed by Grinder for 2 turns
  7711 | D:4      | Killed Grinder
  7711 | D:4      | Reached skill level 4 in Invocations
  7923 | D:7      | Killed Psyche
  7923 | D:7      | Reached XP level 10. HP: 84/84 MP: 13/13
  8175 | D:8      | Found a sacrificial altar of Ru.
  8489 | D:9      | Reached * piety under Makhleb
  8495 | D:9      | Noticed a two-headed ogre
  8508 | D:8      | Reached skill level 5 in Invocations
  8864 | D:9      | Noticed a two-headed ogre
  9103 | D:9      | Noticed a two-headed ogre
  9137 | D:8      | Killed a two-headed ogre
  9137 | D:8      | Reached skill level 15 in Axes
  9137 | D:8      | Reached skill level 6 in Invocations
  9290 | D:8      | Killed a two-headed ogre
  9396 | D:8      | Killed a two-headed ogre
  9396 | D:8      | Reached XP level 11. HP: 60/95 MP: 5/16
  9569 | D:9      | Found Dupt's Magic Scroll Emporium.
  9578 | D:9      | Bought a scroll of enchant weapon for 97 gold pieces
  9612 | D:8      | Reached skill level 7 in Invocations
 10098 | D:9      | Found a radiant altar of Vehumet.
 10281 | D:10     | Entered Level 10 of the Dungeon
 10562 | D:10     | Noticed Sonja
 10774 | D:10     | Reached ** piety under Makhleb
 10887 | D:10     | Reached skill level 8 in Invocations
 10951 | D:10     | Noticed Maurice
 10963 | D:10     | Killed Maurice
 11132 | D:11     | Noticed a manticore
 11550 | D:11     | Reached skill level 9 in Invocations
 11607 | D:11     | Reached skill level 1 in Evocations
 11667 | D:11     | Found a staircase to the Lair.
 11713 | D:11     | Reached *** piety under Makhleb
 11732 | Lair:1   | Entered Level 1 of the Lair of Beasts
 11772 | Lair:1   | Reached skill level 10 in Fighting
 11824 | Lair:1   | Reached XP level 12. HP: 106/106 MP: 13/19
 11838 | Lair:1   | Noticed Nergalle
 11890 | D:11     | Noticed a five-headed hydra
 11896 | D:11     | Killed a five-headed hydra
 11903 | D:11     | Noticed Harold
 12055 | D:10     | Killed Harold
 12085 | D:11     | Found a staircase to the Orcish Mines.
 12093 | D:11     | Reached skill level 10 in Invocations
 12243 | D:11     | Reached **** piety under Makhleb
 12658 | Orc:1    | Entered Level 1 of the Orcish Mines
 13210 | D:11     | Reached skill level 10 in Armour
 13233 | D:12     | You fall into a shaft and drop 3 floors!
 13233 | D:15     | Entered Level 15 of the Dungeon
 13258 | D:15     | Noticed a tengu warrior
 13288 | D:15     | Killed a tengu warrior
 13330 | D:15     | Noticed a six-headed hydra
 13347 | D:15     | Killed a six-headed hydra
 13370 | D:15     | Got a warped chain mail
 13393 | D:15     | Identified the +1 chain mail of the Foremost Realms {+Blink
                  | Dex+4 Stlth+} (You found it on level 15 of the Dungeon)
 13423 | D:15     | Found a staircase to the Depths.
 13483 | D:14     | HP: 1/110 [acid (11)]
 13494 | D:14     | Noticed a tengu warrior
 13496 | D:14     | Found Cuon's Assorted Antiques.
 13498 | D:14     | Noticed a catoblepas
 13500 | D:14     | HP: 1/110 [catoblepas/blast of calcifying dust (3)]
 13504 | D:14     | Bought a scroll of teleportation for 120 gold pieces
 13970 | D:14     | Reached skill level 11 in Invocations
 13970 | D:14     | Reached skill level 5 in Evocations
 14324 | D:12     | Found a portal to a secret trove of treasure.
 14570 | D:12     | Identified Ts'ui PĂȘn's Volume of Forking Paths
 14577 | D:12     | Identified the Handbook of Dhcmrlchtdj
 14635 | D:12     | Noticed a two-headed ogre
 14649 | D:12     | Killed a two-headed ogre
 14649 | D:12     | Reached XP level 13. HP: 106/117 MP: 17/21
 15674 | Orc:1    | Found Wotymaulo's Whimsical Warehouse.
 15768 | Orc:2    | Entered Level 2 of the Orcish Mines
 15867 | Orc:2    | Found a staircase to the Elven Halls.
 15893 | Orc:2    | Reached ***** piety under Makhleb
 15911 | Orc:2    | Found Nabeomas's Magic Scroll Emporium.
 15919 | Orc:2    | Bought a scroll of teleportation for 42 gold pieces
 15919 | Orc:2    | Bought a scroll of teleportation for 42 gold pieces
 15919 | Orc:2    | Bought a scroll of blinking for 105 gold pieces
 15943 | Orc:2    | Found a radiant altar of Vehumet.
 16141 | Orc:2    | Reached skill level 12 in Invocations
 16171 | Orc:2    | Reached skill level 1 in Dodging
 18162 | Orc:2    | Reached skill level 13 in Invocations
 18177 | Orc:2    | Reached XP level 14. HP: 126/129 MP: 15/23
 18490 | Orc:2    | Found Xykauhav's Armour Emporium.
 18492 | Orc:2    | Found Hoxeh's Magic Scroll Boutique.
 18492 | Orc:2    | Found Geops's Armour Emporium.
 18492 | Orc:2    | Found Qazorgh's Magic Scroll Shop.
 18806 | Orc:2    | Bought a scroll of fear for 35 gold pieces
 18806 | Orc:2    | Bought a scroll of teleportation for 30 gold pieces
 18806 | Orc:2    | Bought a scroll of teleportation for 30 gold pieces
 18806 | Orc:2    | Bought a scroll of identify for 20 gold pieces
 18807 | Orc:2    | Bought a scroll of magic mapping for 59 gold pieces
 18807 | Orc:2    | Bought a scroll of teleportation for 51 gold pieces
 18807 | Orc:2    | Bought a scroll of teleportation for 51 gold pieces
 18954 | Lair:1   | Killed Nergalle
 20310 | Lair:2   | Got a bloodstained rapier
 20548 | Lair:2   | Reached ****** piety under Makhleb
 20807 | Lair:2   | Reached skill level 5 in Dodging
 21180 | Lair:2   | Identified the cursed +2 rapier "Jellybane" {pierce,
                  | *Contam rPois MR+ Str+6} (You found it on level 2 of the
                  | Lair of Beasts)
 21218 | Lair:3   | Gained mutation: Scrolls take you a little longer to read.
                  | [mutagenic glow]
 21478 | Lair:3   | Reached skill level 14 in Invocations
 21717 | Lair:3   | Found a staircase to the Snake Pit.
 22226 | Lair:4   | Found a staircase to the Shoals.
 23551 | Lair:5   | Reached XP level 15. HP: 138/138 MP: 25/25
 23844 | Lair:6   | Entered Level 6 of the Lair of Beasts
 24384 | Lair:6   | Reached skill level 15 in Invocations
 24867 | Lair:6   | Found a runed translucent door.
 24872 | Lair:6   | Noticed Nawige's ghost (journeyman HuBe)
 25114 | Lair:6   | Found a large runed translucent door.
 25114 | Lair:6   | Found a large runed translucent door.
 25146 | Lair:6   | Reached skill level 15 in Fighting
 25779 | D:12     | Identified the Compendium of Combed Thunderclap
 26311 | D:13     | Found a gate to the Vaults.
 26824 | D:14     | Bought a potion of berserk rage for 200 gold pieces
 27248 | D:14     | Reached XP level 16. HP: 149/149 MP: 27/27
 27392 | D:15     | Reached skill level 16 in Invocations
 28434 | Shoals:1 | Entered Level 1 of the Shoals
 29950 | Shoals:2 | Upgraded the game from 0.25-a0-56-g68f8618 to
                  | 0.25-a0-58-g9dd530f
 29971 | Shoals:2 | Noticed Roxanne
 30083 | Shoals:2 | Reached skill level 15 in Armour
 30254 | Shoals:2 | Found Nicarr's Antique Armour Shoppe.
 30380 | Shoals:2 | Noticed Kirke
 30849 | Shoals:2 | Reached XP level 17. HP: 123/159 MP: 20/29
 30898 | Shoals:3 | Reached skill level 17 in Invocations
 31667 | Shoals:3 | Found a runed translucent gate.
 31669 | Shoals:3 | Found a runed translucent gate.
 31670 | Shoals:3 | Found a runed translucent gate.
 31674 | Shoals:3 | Noticed Meistruli's ghost (adept FoFi)
 31674 | Shoals:3 | Noticed Meistruli's ghost (adept FoFi)
 31675 | Shoals:3 | Noticed Uroituos's ghost (journeyman DrWz)
 31675 | Shoals:3 | Noticed Uroituos's ghost (journeyman DrWz)
 31675 | Shoals:3 | Noticed Taegeoczu's ghost (journeyman MiBe)
 31845 | Shoals:3 | Noticed Ilsuiw
 32002 | Shoals:3 | Killed Ilsuiw
 32462 | Shoals:4 | Entered Level 4 of the Shoals
 32827 | Shoals:4 | Found a runed translucent door.
 32828 | Shoals:4 | Noticed archon2's ghost (adept FeCj)
 33638 | Shoals:4 | Identified the Catalogue of the Boosting Blaze
 33667 | Shoals:4 | Got a barnacled rune of Zot
 33873 | Snake:1  | Entered Level 1 of the Snake Pit
 34186 | Snake:1  | Noticed Aizul
 34201 | Snake:1  | Killed Aizul
 34723 | Snake:1  | Noticed Louise
 35507 | Snake:2  | Found Buntotse's Weapon Shop.
 35913 | Snake:3  | Noticed Donald
 35932 | Snake:2  | Killed Donald
 36308 | Snake:3  | Reached XP level 18. HP: 142/170 MP: 26/30
 36382 | Snake:2  | Bought the +7 demon whip of Dried Tears {vamp, +Rage rC+}
                  | for 1560 gold pieces
 36677 | Snake:3  | Reached skill level 1 in Maces & Flails
 36704 | Snake:3  | Reached skill level 18 in Invocations
 36807 | Snake:3  | Found Disiadd's Assorted Antiques.
 37123 | Snake:3  | Noticed Vashnia
 37179 | Snake:2  | Reached skill level 10 in Dodging
 37336 | Snake:4  | Entered Level 4 of the Snake Pit
 37432 | Snake:4  | Noticed Mara
 37444 | Snake:4  | Noticed quiliam's illusion
 37451 | Snake:4  | Killed Mara
 37921 | Snake:4  | Reached skill level 5 in Maces & Flails
 38576 | Snake:4  | Found Jasaeth's Gadget Emporium.
 38576 | Snake:4  | Found Voyhuul's Jewellery Boutique.
 38577 | Snake:4  | Found Gasierch's Gadget Emporium.
 39103 | Snake:4  | Got a serpentine rune of Zot
 39246 | Snake:1  | Killed Louise
 39403 | Vaults:1 | Entered Level 1 of the Vaults
 39697 | D:13     | Reached skill level 5 in Shields
 39888 | D:13     | Reached XP level 19. HP: 179/179 MP: 24/32
 40819 | Vaults:1 | Reached skill level 19 in Invocations
 41760 | Vaults:1 | Noticed a lich
 41761 | Vaults:1 | Noticed a lich
 42192 | Vaults:1 | Paralysed by a lich for 3 turns
 42203 | Vaults:1 | Killed a lich
 42220 | Vaults:1 | Paralysed by a lich for 7 turns
 42228 | Vaults:1 | Killed a lich
 42417 | D:13     | Lost mutation: Scrolls take you a little longer to read.
                  | [potion of mutation]
 42417 | D:13     | Gained mutation: You have a pair of small antennae on your
                  | head. [potion of mutation]
 42417 | D:13     | Gained mutation: You are dopey. (Int -2) [potion of
                  | mutation]
 42417 | D:13     | Gained mutation: You occasionally shout uncontrollably at
                  | your foes. [potion of mutation]
 42417 | D:13     | Gained mutation: You are partially covered in rugged brown
                  | scales. (AC +1, +3% HP) [potion of mutation]
 42418 | D:13     | Lost mutation: You are dopey. (Int -2) [potion of mutation]
 42418 | D:13     | Lost mutation: You occasionally shout uncontrollably at
                  | your foes. [potion of mutation]
 42418 | D:13     | Gained mutation: You are robust. (+10% HP) [potion of
                  | mutation]
 42418 | D:13     | Gained mutation: Your magical capacity is low. (-10% MP)
                  | [potion of mutation]
 42418 | D:13     | Gained mutation: You have a somewhat thin skeletal
                  | structure. (Dex +2, Stealth) [potion of mutation]
 43386 | Vaults:2 | Noticed a lich
 43393 | Vaults:2 | Killed a lich
 43580 | Vaults:2 | Reached XP level 20. HP: 213/213 MP: 27/30
 44262 | Vaults:2 | Noticed Jory
 44352 | Vaults:1 | Killed Jory
 44623 | Vaults:2 | Found Obbax's Distillery.
 44729 | Vaults:2 | Bought a potion of heal wounds for 60 gold pieces
 44729 | Vaults:2 | Bought a potion of heal wounds for 60 gold pieces
 44729 | Vaults:2 | Bought a potion of curing for 36 gold pieces
 45248 | Vaults:3 | Noticed Mennas
 45420 | Vaults:3 | Reached skill level 20 in Invocations
 45730 | Vaults:3 | Found a staircase to the Crypt.
 46508 | Vaults:3 | Killed Mennas
 46569 | Vaults:3 | Reached skill level 10 in Shields
 46569 | Vaults:3 | Reached XP level 21. HP: 224/224 MP: 27/31
 47483 | Vaults:4 | Noticed Bai Suzhen
 47520 | Vaults:3 | Killed Bai Suzhen
 48003 | Vaults:4 | Identified the cursed +1 robe "Nanurev" {Int+5 Dex+2}
 48326 | Vaults:4 | Identified a scroll of acquirement
 48528 | Vaults:4 | Found Qiynn's Distillery.
 48540 | Vaults:4 | Noticed Xtahua
 48713 | Vaults:4 | Found Woryl's Assorted Antiques.
 48843 | Vaults:4 | Paralysed by Xtahua for 4 turns
 48855 | Vaults:4 | Killed Xtahua
 49028 | Vaults:4 | Found Zikhao's General Store.
 49036 | Vaults:4 | Bought a +2 shield for 297 gold pieces
 49065 | Vaults:4 | Reached skill level 21 in Invocations
 49365 | Vaults:4 | Found Muezxoe's Antique Weapon Shoppe.
 49411 | Vaults:4 | Bought a potion of might for 48 gold pieces
 49760 | Depths:1 | Entered Level 1 of the Depths
 49812 | Depths:1 | Found a gateway to Hell.
 49948 | Depths:1 | Reached XP level 22. HP: 206/236 MP: 11/32
 51346 | Depths:1 | Got a scintillating turquoise ring
 51468 | Depths:1 | Identified the ring of Henotheism {MP+9 Stlth+} (You found
                  | it on level 1 of the Depths)
 51564 | Depths:1 | Noticed an ancient lich
 52021 | Depths:1 | Killed an ancient lich
 52283 | Depths:1 | Got a faintly glowing glass ring
 52299 | Depths:1 | Got a pair of polished boots
 52300 | Depths:1 | Identified the cursed +0 pair of boots of Roskonn {Str+2
                  | Dex+3} (You found it on level 1 of the Depths)
 52313 | Depths:1 | Identified the ring "Qiomotua" {Wiz rN++} (You found it on
                  | level 1 of the Depths)
 52812 | Depths:2 | Found a one-way gate leading to the halls of Pandemonium.
 53094 | Depths:2 | Noticed a juggernaut
 53131 | Depths:2 | Killed a juggernaut
 53692 | Depths:2 | Reached XP level 23. HP: 238/245 MP: 28/34
 53756 | Depths:2 | Got a shimmering chain mail
 53759 | Depths:2 | Identified the cursed +0 chain mail of the Pit {*Drain +Fly
                  | Regen+ rCorr} (You found it on level 2 of the Depths)
 53887 | Depths:2 | Noticed a golden dragon
 53960 | Depths:2 | Killed a golden dragon
 54108 | Depths:2 | Noticed a golden dragon
 54116 | Depths:2 | Killed a golden dragon
 54183 | Depths:2 | Noticed a golden dragon
 54202 | Depths:2 | Killed a golden dragon
 54628 | Depths:3 | Found a runed translucent gate.
 54628 | Depths:3 | Found a runed translucent gate.
 54629 | Depths:3 | Found a runed translucent gate.
 54653 | Depths:3 | Reached skill level 22 in Invocations
 54745 | Depths:3 | Found Ritax's Weapon Boutique.
 54757 | Depths:3 | Reached skill level 10 in Evocations
 54878 | Depths:3 | Paralysed by a great orb of eyes for 3 turns
 54893 | Depths:3 | Paralysed by a great orb of eyes for 6 turns
 54999 | Depths:3 | Noticed Wooxt's ghost (adept DsFi)
 54999 | Depths:3 | Noticed Wooxt's ghost (adept DsFi)
 54999 | Depths:3 | Noticed Yqiopt's ghost (veteran MiBe)
 55277 | Depths:3 | Identified the cursed +0 quarterstaff of the Onslaught
                  | {vamp, *Drain Int+5 Dex+7}
 56133 | Depths:4 | Paralysed by a sphinx for 7 turns
 56401 | Depths:4 | Noticed a golden dragon
 56415 | Depths:4 | Killed a golden dragon
 56504 | Depths:4 | Reached XP level 24. HP: 257/257 MP: 34/34
 56524 | Depths:4 | Noticed the Enchantress
 56899 | Depths:3 | Killed the Enchantress
 57655 | Depths:4 | Found a one-way gate to the infinite horrors of the Abyss.
 58169 | Vaults:5 | Entered Level 5 of the Vaults
 58963 | Vaults:5 | Paralysed by a sphinx for 3 turns
 59315 | Vaults:5 | Identified the cursed +1 shortbow of Grandeur {speed, *Slow
                  | rElec rPois rC- Stlth+}
 59346 | Vaults:5 | Reached skill level 23 in Invocations
 59430 | Vaults:5 | Cast into level 3 of the Abyss (a deep elf demonologist)
 59761 | Abyss:3  | Found a transporter.
 59787 | Abyss:3  | Reached XP level 25. HP: 224/267 MP: 17/34
 59866 | Abyss:3  | Got an abyssal rune of Zot
 59949 | Abyss:3  | Found a transporter.
 60044 | Vaults:5 | Escaped the Abyss
 60160 | Vaults:5 | Identified the +3 mace "Suulatt" {antimagic, +Inv rF+ MR-
                  | Stlth+}
 60177 | Vaults:5 | Cast into level 3 of the Abyss (a deep elf sorcerer)
 60556 | Abyss:3  | Paralysed by you for 2 turns
 60909 | Vaults:5 | Escaped the Abyss
 60966 | Vaults:5 | Reached skill level 15 in Shields
 61044 | Vaults:5 | Reached skill level 15 in Dodging
 61088 | Vaults:5 | Identified the +3 mace "Jushufoh" {flame, Stlth+}
 61092 | Vaults:5 | Identified the +8 dagger of the Goat {pierce, +Rage}
 61615 | Elf:1    | Entered Level 1 of the Elven Halls
 61896 | Elf:1    | Identified the Guide on Calling
 62177 | Elf:1    | Found Mumyzxol's Weapon Shoppe.
 62191 | Elf:1    | Found Buinteeq's Antique Armour Emporium.
 62799 | Elf:2    | Found a runed translucent gate.
 62839 | Elf:2    | Found a runed translucent gate.
 62840 | Elf:2    | Found a runed translucent gate.
 63230 | Depths:5 | Entered Level 5 of the Depths
 64001 | Depths:5 | Reached XP level 26. HP: 280/280 MP: 33/35
 64056 | Depths:5 | Found a gateway to a ziggurat.
 64458 | Depths:5 | Found a gate to the Realm of Zot.
 64472 | Zot:1    | Entered Level 1 of the Realm of Zot
 64531 | Zot:1    | Reached skill level 24 in Invocations
 68269 | Zot:2    | Reached XP level 27. HP: 292/292 MP: 33/35
 69014 | Zot:3    | Reached skill level 25 in Invocations
 70137 | Zot:5    | Entered Level 5 of the Realm of Zot
 71295 | Zot:5    | Noticed an orb of fire
 71344 | Zot:5    | Killed an orb of fire
 71374 | Zot:4    | Mangled by a red draconian monk

Levels and vault maps discovered:
D:1:      minmay_arrival_loop, layout_basic, serial_bayou, serial_bayou_ford_a,
          serial_bayou_shore_a, serial_bayou_pond_d, serial_bayou_pond_c
D:2:      layout_basic, hangedman_feature_mirror, uniq_robin, uniq_sigmund
D:3:      layout_basic, lemuel_crystal_altar, lightli_sewer_entry_pipes
D:4:      layout_cave_pools, nicolae_ossuary_entry_plus, first_ration,
          gammafunk_ghost_arena, uniq_grinder
D:5:      layout_loops_ring, grunt_qazlal_clouds, basic_altar,
          supply_closet_lemuel, minmay_stone_trees_medium,
          kennysheep_generic_room_15
D:6:      layout_basic, slow_altar_2, minmay_temple_entry_crystal_x
D:7:      layout_loops_corners, minmay_overflow_temple_star_quad,
          xom_confusion_cloud
D:8:      layout_rooms, nicolae_ru_great_annihilating_truth, uniq_psyche
D:9:      layout_cave_pools, lemuel_coloured_pillars_altar, serial_shops,
          nicolae_shop_stone
D:10:     layout_basic, serial_ice, serial_ice_d, serial_ice_b, serial_ice_o,
          serial_ice_a, uniq_sonja, uniq_maurice
D:11:     layout_rooms, due_lair_maze_entry_diamond, zombieorc2_lemuel,
          uniq_harold
D:12:     layout_irregular_city, trove_entry_hex_spiral, blue_anna_alchemist
          [blue_anna_fruit_fields, blue_anna_fruit_fields],
          bh_hangedman_babel_library
D:13:     layout_small_grid, skrybe_vaults_entry_preservation
D:14:     layout_basic, serial_shops, nicolae_shop_trees,
          hangedman_abyss_or_decor_lesser_grid
D:15:     gammafunk_depths_entry_grave, layout_cave_pools,
          minmay_misc_feat_four_crosses
Temple:   eino_temple_water
Lair:1:   layout_gridlike, infiniplex_staircase_pool_2, lemuel_fruit_tree,
          grunt_megastairs_3, uniq_nergalle
Lair:2:   layout_concentric_octagons
Lair:3:   layout_hall_layers, minmay_snake_entry_guardpost_small,
          serial_bayou_shore_b, infiniplex_staircase_pool, grunt_megastairs_2,
          serial_bayou_shore_b
Lair:4:   layout_cave_pods, minmay_shoals_entry_lonely_mermaid
Lair:5:   layout_long_grid
Lair:6:   cheibrodos_lair_end_hotspot, layout_long_grid,
          minmay_slime_entry_oklob_enclosed, ebering_ghost_inner_flame,
          nicolae_quartered_pool_medium, serial_bayou_lagoon_a
Shoals:1: layout_shoals, hangedman_shoals_cup_caves
Shoals:2: layout_shoals, serial_shops, shop, nicolae_shoals_wave_tunnel,
          uniq_roxanne, uniq_kirke
Shoals:3: layout_shoals, gammafunk_ghost_cemetery, uniq_ilsuiw
Shoals:4: shoals_end_grunt_ice, layout_shoals, gammafunk_ghost_grave
Snake:1:  layout_onion_interference, grunt_ministairs_7, st_stairs_1,
          uniq_louise, uniq_aizul
Snake:2:  layout_honeycomb, serial_shops, nicolae_shop_waterfront
Snake:3:  layout_layer_cave, serial_shops, shop, special_room,
          serial_bayou_lagoon_b, serial_bayou_shore_b, uniq_vashnia, uniq_donald
Snake:4:  minmay_snake_end_coiled, layout_onion, serial_bayou_pond_a, drop_trap,
          minmay_shop_grove, uniq_mara
Orc:1:    layout_caves, nicolae_alphabet_shops
Orc:2:    st_orc_ogre_mass, layout_diamond_mine, serial_shops, shop_scrolls,
          basic_altar
Elf:1:    layout_geoelf_diagonals, serial_shops, nicolae_shop_statue_plus, shop,
          minmay_elf_demonology, minivault_16
Elf:2:    layout_onion_city
Vaults:1: vaults_room_pools, v_misc_26, nicolae_vaults_network_barrier,
          v_misc_32, vaults_mumra_minichess_inversion,
          vaults_room_stairs_pillars, vaults_room_corners, v_rooms_4,
          vaults_room_stairs_pillars, vaults_dpeg_encased_lava,
          vaults_room_semicircle, nicolae_vaults_ring_of_whatevers,
          dpeg_vaults_waves, nicolae_vaults_little_squares_4,
          layout_vaults_maze, infiniplex_enter_wizlab_water
Vaults:2: st_more_cells, hangedman_vaults_slither, nicolae_vaults_angled_halls,
          hangedman_vaults_cutoff, v_alt_pattern_3, vaults_mumra_hex,
          vaults_room_hallway, v_misc_2, layout_vaults_omnicross, serial_shops,
          nicolae_shop_window_shopping, uniq_jory
Vaults:3: v_alt_pattern_5, v_misc_30, grunt_vaults_diagonal,
          nicolae_vaults_ninety_degrees, hangedman_vaults_stagger,
          vaults_room_fancy_cross, nicolae_vaults_network_square,
          vaults_room_pools, vaults_room_pools, vaults_room_fours,
          layout_vaults_omnigrid, minmay_crypt_entry_simple_walls, uniq_mennas
Vaults:4: v_misc_11, v_misc_10, v_misc_25, vaults_room_grunt_arrival_ludios,
          nicolae_vaults_big_ls, vaults_room_grid, v_misc_30,
          nicolae_vaults_halls_meeting, nicolae_vaults_network_periphery,
          ontoclasm_vaults_ligature, layout_vaults_omnibox, serial_shops, shop,
          shop_statue, shop, shop, uniq_xtahua, uniq_bai_suzhen
Vaults:5: serial_shops
Depths:1: constructs_gauntlet_mu_hangedman, layout_basic, serial_sigils,
          serial_sigils_hangedman_quiver, serial_sigils_hangedman_scratch,
          serial_sigils_hangedman_shear, serial_sigils_hangedman_stare,
          serial_sigils_hangedman_etch, serial_sigils_hangedman_shear,
          pf_coc_iceberg, laboratory
Depths:2: minmay_tearing_corner, layout_basic, lightli_too_deep,
          minmay_misc_feat_x, serial_glass, glass_columns_a, glass_columns_b,
          rand_demon_pan_entry_3, drop_trap, minmay_pinched_square,
          infiniplex_staircase_pillars_1
Depths:3: minmay_angry_zag, layout_cave_shapes, minmay_misc_feat_tiny,
          pan_entry, gammafunk_ghost_cemetery, grunt_hell_entry_dis_mu,
          kennysheep_nub, minmay_staircase_windowed_small, firewood_loft,
          minmay_shop_star, grunt_megastairs_4
Depths:4: hangedman_crystal_crosses_colossus [crystal_crosses_arms_four,
          crystal_crosses_arms_four, crystal_crosses_arms_two,
          crystal_crosses_arms_one], hell_entry, abyss_entry, uniq_enchantress
Depths:5: evilmike_zot_entry_hall, layout_cave_pools, enter_ziggurat_b,
          hell_entry
Zot:1:    lemuel_draconian_sentries_small, layout_misc_corridors,
          amethyst_zot_foddershock
Zot:2:    layout_basic, hangedman_zot_diagonal_lockstep,
          hangedman_zot_decor_tridents
Zot:3:    layout_basic, zot_minivault_6
Zot:4:    layout_basic, st_small_dragon_hoard_5
Zot:5:    layout_cathedral_of_symmetry

Skill      XL: |  1  2  3  4  5  6  7  8  9 10 11 12 13 14 15 16 17 18 19 20 21 22 23 24 25 26 27 |
---------------+----------------------------------------------------------------------------------+-----
Axes           | 3 4 6 7 9 11 12 14 15 16 17 | 17.8
Shields        | 4 5 8 10 11 12 13 14 15 16 | 16.0
Fighting       | 5 6 8 10 11 13 14 15 16 17 18 19 20 21 22 23 24 | 24.4
Armour         | 4 6 7 9 10 12 13 14 15 16 17 18 19 20 21 22 | 22.0
Invocations    | 4 6 9 11 13 14 15 16 17 18 19 20 21 22 23 24 25 | 25.7
Evocations     | 2 5 6 7 9 10 11 12 | 12.0
Dodging        | 3 5 7 8 9 10 11 12 13 14 15 16 | 16.9
Maces & Flails | 6 |  6.4

Action                   |  1- 3 |  4- 6 |  7- 9 | 10-12 | 13-15 | 16-18 | 19-21 | 22-24 | 25-27 || total
-------------------------+-------+-------+-------+-------+-------+-------+-------+-------+-------++-------
Melee: War axe           |   101 |   310 |   456 |   877 |  1573 |       |       |       |       ||  3317
       Flail             |       |       |       |     7 |    37 |       |       |       |       ||    44
       Broad axe         |       |       |       |       |    22 |   949 |    67 |    15 |       ||  1053
       Unarmed           |       |       |       |       |       |    13 |       |       |       ||    13
       Demon whip        |       |       |       |       |       |   650 |  2311 |  2223 |  2114 ||  7298
       Sacred scourge    |       |       |       |       |       |       |       |    41 |   159 ||   200
Invok: Minor Destruction |       |       |       |    28 |   153 |    79 |    11 |     2 |     2 ||   275
       Lesser Servant of |       |       |       |     4 |    31 |    23 |     6 |     3 |       ||    67
       Major Destruction |       |       |       |     1 |       |       |       |       |       ||     1
       Greater Servant o |       |       |       |       |       |     7 |     5 |    13 |    22 ||    47
 Abil: Evoke Flight      |       |       |       |     1 |       |     1 |       |     7 |       ||     9
       Evoke Blink       |       |       |       |       |     1 |       |       |       |       ||     1
       Evoke Berserk Rag |       |       |       |       |       |       |     2 |     2 |     3 ||     7
Evoke: Wand              |       |       |       |     1 |     1 |       |       |       |       ||     2
  Use: Scroll            |       |     3 |    16 |    17 |    13 |     8 |    12 |    17 |     9 ||    95
       Potion            |       |       |     1 |     6 |       |    12 |     5 |    14 |    12 ||    50
 Stab: Paralysed         |       |       |       |     1 |       |       |       |       |       ||     1
       Distracted        |       |       |       |     1 |    13 |    10 |     2 |     3 |     6 ||    35
       Confused          |       |       |       |       |       |     1 |       |       |       ||     1
  Eat: Chunk             |     1 |     3 |    12 |    22 |    35 |    19 |    19 |    19 |    15 ||   145
       Ration            |       |     1 |     1 |     1 |     2 |     7 |     5 |     6 |     7 ||    30
Armor: Scale mail        |    26 |   143 |    55 |   188 |       |       |       |       |       ||   412
       Chain mail        |       |       |   120 |   155 |   454 |       |       |       |       ||   729
       Plate armour      |       |       |       |   193 |   460 |   857 |   841 |   920 |   775 ||  4046
Dodge: Dodged            |    34 |   116 |   139 |   313 |   649 |   778 |   835 |  1150 |  1289 ||  5303
Block: Buckler           |    18 |    72 |    84 |   280 |   411 |   396 |   551 |   795 |   314 ||  2921
       Shield            |       |       |       |       |       |       |       |       |   999 ||   999

Table legend:
 A = Non-vault XP
 B = Vault XP
 C = Vault XP percentage of total XP
 D = Non-vault monster count
 E = Vault monster count
 F = Vault count percentage of total count
                 A         B        C        D         E       F
            +---------+---------+-------+---------+---------+-------
      Total |  739679 |  638633 |  46.3 |    1453 |     800 |  35.5
            +---------+---------+-------+---------+---------+-------
        D:1 |      37 |       0 |   0.0 |      20 |       0 |   0.0
        D:2 |      75 |     249 |  76.9 |      27 |      14 |  34.1
        D:3 |      99 |      78 |  44.1 |      20 |      10 |  33.3
        D:4 |     111 |     286 |  72.0 |      12 |       1 |   7.7
        D:5 |     558 |     134 |  19.4 |      11 |       2 |  15.4
        D:6 |     842 |       5 |   0.6 |      10 |       1 |   9.1
        D:7 |     597 |     795 |  57.1 |      11 |       5 |  31.2
        D:8 |    4885 |      40 |   0.8 |      24 |       4 |  14.3
        D:9 |    1399 |       0 |   0.0 |      22 |       0 |   0.0
       D:10 |    2182 |    2322 |  51.6 |      18 |      10 |  35.7
       D:11 |    5767 |    2248 |  28.0 |      38 |      44 |  53.7
       D:12 |    4088 |    1988 |  32.7 |      31 |       4 |  11.4
       D:13 |    9850 |   15458 |  61.1 |      27 |      25 |  48.1
       D:14 |   13294 |    1403 |   9.5 |      39 |       2 |   4.9
       D:15 |   10095 |    2822 |  21.8 |      34 |       6 |  15.0
     Lair:1 |    2781 |    1491 |  34.9 |      14 |       4 |  22.2
     Lair:2 |    6666 |       0 |   0.0 |      19 |       0 |   0.0
     Lair:3 |    6387 |     984 |  13.3 |      22 |       7 |  24.1
     Lair:4 |    5925 |     506 |   7.9 |      27 |       1 |   3.6
     Lair:5 |    7179 |       0 |   0.0 |      27 |       0 |   0.0
     Lair:6 |   16478 |    6524 |  28.4 |      68 |      26 |  27.7
   Shoals:1 |   15691 |    4795 |  23.4 |      28 |       9 |  24.3
   Shoals:2 |   18482 |    2012 |   9.8 |      28 |       7 |  20.0
   Shoals:3 |   11202 |    3974 |  26.2 |      26 |       6 |  18.8
   Shoals:4 |    8342 |    6602 |  44.2 |      21 |      13 |  38.2
    Snake:1 |    7007 |    4525 |  39.2 |      11 |       5 |  31.2
    Snake:2 |   10445 |    2839 |  21.4 |      24 |       2 |   7.7
    Snake:3 |   10921 |    1246 |  10.2 |      21 |       2 |   8.7
    Snake:4 |   12998 |   32719 |  71.6 |      25 |      39 |  60.9
      Orc:1 |    4852 |    5090 |  51.2 |      56 |      10 |  15.2
      Orc:2 |    2302 |   13453 |  85.4 |      33 |      27 |  45.0
      Elf:1 |   10918 |    4450 |  29.0 |      20 |       8 |  28.6
      Elf:2 |    3896 |     913 |  19.0 |       8 |       1 |  11.1
   Vaults:1 |   28566 |   41573 |  59.3 |      65 |      52 |  44.4
   Vaults:2 |   28369 |   21574 |  43.2 |      45 |      28 |  38.4
   Vaults:3 |   50648 |   31468 |  38.3 |      87 |      36 |  29.3
   Vaults:4 |   45474 |   44933 |  49.7 |      65 |      56 |  46.3
   Vaults:5 |   27506 |   92682 |  77.1 |      38 |      63 |  62.4
   Depths:1 |   31463 |   29168 |  48.1 |      42 |      33 |  44.0
   Depths:2 |   35582 |   68394 |  65.8 |      51 |      43 |  45.7
   Depths:3 |   27898 |   19341 |  40.9 |      32 |      17 |  34.7
   Depths:4 |    8375 |   73181 |  89.7 |       7 |      59 |  89.4
   Depths:5 |   31486 |   22705 |  41.9 |      30 |      14 |  31.8
      Zot:1 |   50828 |    3426 |   6.3 |      34 |       1 |   2.9
      Zot:2 |   68998 |    4769 |   6.5 |      42 |       2 |   4.5
      Zot:3 |   12705 |   20456 |  61.7 |       8 |       9 |  52.9
      Zot:4 |   20981 |       0 |   0.0 |      11 |       0 |   0.0
      Zot:5 |   23975 |   30464 |  56.0 |      13 |       9 |  40.9
    Abyss:3 |   30474 |   13642 |  30.9 |      61 |      18 |  22.8
      Sewer |       0 |     396 | 100.0 |       0 |      28 | 100.0
    Ossuary |       0 |     510 | 100.0 |       0 |      37 | 100.0
            +---------+---------+-------+---------+---------+-------
